 Dungeon Crawl Stone Soup version 0.31.0-32-g396128a36d (webtiles) character file.

Game seed: 6057191931844460235

45705 Edyrem the Severer (level 14, -4/130 HPs)
             Began as a Minotaur Berserker on Feb 27, 2024.
             Was a High Priest of Trog.
             Slain by a six-headed hydra (6 damage)
             ... on level 5 of the Lair of Beasts on Mar 11, 2024.
             The game lasted 00:34:22 (14293 turns).

Edyrem the Severer (Minotaur Berserker)            Turns: 14293, Time: 00:34:22

Health: -4/130     AC: 17    Str: 29    XL:     14   Next: 2%
Magic:  13/13      EV: 19    Int:  4    God:    Trog [*****.]
Gold:   1196       SH:  0    Dex: 20    Spells: 13/13 levels left

rFire   x . .        c - +0 battleaxe
rCold   . . .        (shield currently unavailable)
rNeg    . . .        R - +5 scale mail of the Dungeon {rCorr Dex+3}
rPois   +            (helmet restricted)
rElec   .            n - +0 cloak
rCorr   +            I - +0 pair of gloves
SInv    .            r - +0 pair of boots
Will    +++..        s - amulet of the acrobat Stlth
                     P - ring "Ojasaero" {Fly rPois rF- rCorr Dex+3}
HPRegen 1.41/turn    L - +6 ring of strength
MPRegen 0.13/turn

%: acrobat
@: marked, strong-willed (expiring), flying, regenerating (expiring), studying
Armour
A: horns 2, retaliatory headbutt
a: Renounce Religion, Berserk, Trog's Hand, Brothers in Arms


You were on level 5 of the Lair of Beasts.
You worshipped Trog.
Trog was extremely pleased with you.
You visited 2 branches of the dungeon, and saw 13 of its levels.
You also visited: Ice Cave and Volcano.

You collected 1196 gold pieces.

Inventory:

Hand Weapons
 a - a +0 war axe
 b - a +2 demon whip of venom
 c - a +0 battleaxe (weapon)
 d - a +1 great mace of flaming
Missiles
 p - 12 poisoned darts (quivered)
 H - 9 boomerangs
 S - 2 silver javelins
Armour
 k - a +1 kite shield of cold resistance
 n - a +0 cloak (worn)
 r - a +0 pair of boots (worn)
 I - a +0 pair of gloves (worn)
 R - the +5 scale mail of the Dungeon (worn) {rCorr Dex+3}
   (You found it on level 2 of the Lair of Beasts)

   Dex+3:     It affects your dexterity (+3).
   rCorr:     It protects you from acid and corrosion.
Jewellery
 l - a ring of protection from cold
 s - an amulet of the acrobat (around neck)
 B - an amulet of reflection
 J - a ring of poison resistance
 L - a +6 ring of strength (right hand)
 P - the ring "Ojasaero" (left hand) {Fly rPois rF- rCorr Dex+3}
   (You found it on level 2 of the Lair of Beasts)

   [ring of resist corrosion]

   Dex+3:     It affects your dexterity (+3).
   rF-:       It makes you vulnerable to fire.
   rPois:     It protects you from poison Fly: It grants you flight.
   rCorr:     It protects you from acid and corrosion.
Wands
 t - a wand of charming (10)
 u - a wand of acid (9)
 v - a wand of flame (24)
 C - a wand of polymorph (9)
 U - a wand of roots (12)
Scrolls
 f - 2 scrolls of fog
 h - 2 scrolls of revelation
 j - a scroll of enchant armour
 o - 4 scrolls of teleportation
 q - 3 scrolls of immolation
 x - 2 scrolls of enchant weapon
 Q - 2 scrolls of poison
Potions
 i - a potion of resistance
 m - 5 potions of mutation
 w - 2 potions of magic {unknown}
 z - 3 potions of attraction
 A - a potion of heal wounds {unknown}
 D - 2 potions of cancellation
 F - 5 potions of lignification
 G - 2 potions of enlightenment
 M - 6 potions of curing {@q2}
 N - 2 potions of haste {unknown}
Miscellaneous
 e - a lightning rod (4/4)
 y - a phial of floods
 E - a phantom mirror


   Skills:
 + Level 13.9 Fighting
 - Level 18.6(18.7) Axes
 * Level 2.8(12.5) Maces & Flails
 - Level 8.0 Armour
 + Level 12.5 Dodging
 + Level 9.8 Shields


You had 13 spell levels left.
You didn't know any spells.
Your spell library was empty.

Dungeon Overview and Level Annotations

Branches:
Dungeon (8/15)             Temple (0/1) D:6            Lair (5/5) D:8
 Shoals (0/4) Lair:2        Snake (0/4) Lair:3        Slime (0/5) Lair:4
  IceCv (visited)         Volcano (visited)

Altars:
Dithmenos
Elyvilon
Kikubaaqudgha
Nemelex Xobeh
Okawaru
Qazlal
Sif Muna
Xom
Yredelemnul
Jiyva

Shops:
D:3 (


Innate Abilities, Weirdness & Mutations

You have a pair of horns on your head.
You reflexively headbutt those who attack you in melee.


Message History

A rime drake and 2 cane toads come into view.
The vampire mosquito completely misses you.
The blink frog completely misses you.
A cane toad comes into view.
The vampire mosquito completely misses you.
A blink frog comes into view.
A yak comes into view. x2
The blink frog closely misses you.
The cane toad moves out of view.
You see here a cane toad corpse.
Okay, then.
A torpor snail and 2 yaks come into view.
The blink frog blinks! x2
A blink frog comes into view.
The vampire mosquito completely misses you. x2
You furiously retaliate!
You headbutt the vampire mosquito!
A death yak comes into view.
The vampire mosquito completely misses you.
You furiously retaliate!
You headbutt the vampire mosquito!
The four-headed hydra closely misses you.
The four-headed hydra bites you!
* * * LOW HITPOINT WARNING * * *
The four-headed hydra barely misses you.
The four-headed hydra completely misses you.
The seven-headed hydra completely misses you.
You furiously retaliate!
You headbutt the seven-headed hydra!
The seven-headed hydra completely misses you.
The seven-headed hydra bites you!
* * * LOW HITPOINT WARNING * * *
The seven-headed hydra bites you.
* * * LOW HITPOINT WARNING * * *
The seven-headed hydra barely misses you.
The seven-headed hydra completely misses you. x2
A death yak comes into view.
There is a stone staircase leading up, spattered with blood here.
Blink to where?
Press: ? - help, Dir - move target 2 vampire mosquitoes, 2 giant frogs, a yak and a six-headed hydra come into view.
Found a throwing net.
As you read the scroll of blinking, it crumbles to dust.
The six-headed hydra bites you.
You die...

Y.....D.†##
#.....y§D#~#####
......yFy#.~~.~## ##
........l#Fy≈~~~##~##
#.......Y.F~~~≈~~~~.P
#.......kyYP~P~~~~~~P
.#.#.)....Y~~F~~~~~.P
.F..w#..Y.~~~~D≈~PP~.
.....P...~w≈~@≈~~~~~~
....Y~~≈≈P~~~≈~
...~~~~≈≈~~~~~≈
..~..~≈≈≈≈~~~~#
F....~~~~~~P~~~
.....~~~~P≈~≈~~
...(...~≈~~~~~≈
F.##.~~~.~~~~P~


You could see a six-headed hydra, a torpor snail, a komodo dragon, 5 yaks, 3
cane toads, 2 blink frogs, a rime drake, 5 vampire mosquitoes and a bullfrog.

Vanquished Creatures
  A red draconian (Volcano)
  4 hydras
  A catoblepas (Lair:1)
  2 ironbound frosthearts (IceCv)
  A centaur warrior (Volcano)
  9 death yaks
  A boulder beetle (Lair:2)
  3 skysharks
  Amaemon (D:8)
  3 harpies (Lair:2)
  An ugly thing (IceCv)
  2 black mambas
  12 elephants
  An ice statue (IceCv)
  An orange demon (D:8)
  A torpor snail (Lair:2)
  4 cane toads
  5 rime drakes
  4 komodo dragons
  5 yaktaurs (Volcano)
  8 polar bears
  Prince Ribbit (D:7)
  23 blink frogs
  A dream sheep (Lair:5)
  4 wyverns
  A human (D:7)
  3 fire bats (Lair:4)
  36 yaks
  2 basilisks
  Grum (D:5)
  Duvessa (D:5)
  4 water moccasins
  A sky beast (D:8)
  4 black bears
  3 ice beasts
  4 ogres
  37 wolves
  3 centaurs
  Blork the orc (D:4)
  12 bullfrogs
  A gnoll sergeant (D:5)
  3 scorpions
  Dowan (D:5)
  4 killer bees (D:8)
  4 howler monkeys
  14 hounds
  2 jellies
  5 orc priests
  Crazy Yiuf (D:2)
  3 gnoll boudas
  2 sleepcaps
  Natasha (thrice) (D:4)
  2 iguanas (D:5)
  Ijyb (D:4)
  5 orc wizards
  Robin (D:2)
  21 gnolls
  8 adders
  2 white imps (D:5)
  4 ufetubi
  3 dart slugs
  21 orcs
  4 ball pythons
  5 bats
  4 endoplasms
  4 giant cockroaches
  10 goblins
  12 hobgoblins
  3 jackals (D:5)
  4 quokkas
  2 frilled lizards
  A goblin zombie (D:7)
  6 kobolds
  A kobold skeleton (D:7)
  2 kobold zombies (D:7)
  2 rats (D:1)
383 creatures vanquished.

Notes
Turn   | Place    | Note
-------+----------+-------------------------------------------
     0 | D:1      | Edyrem the Minotaur Berserker began the quest for the Orb.
     0 | D:1      | Reached XP level 1. HP: 19/19 MP: 0/0
    94 | D:1      | Reached XP level 2. HP: 27/27 MP: 1/1
   114 | D:1      | Reached skill level 4 in Axes
   285 | D:1      | Found a faded altar of an unknown god.
   491 | D:1      | Reached ** piety under Trog
   738 | D:2      | Reached XP level 3. HP: 33/33 MP: 2/2
   860 | D:2      | Noticed Robin
   883 | D:2      | Killed Robin
   884 | D:2      | Reached XP level 4. HP: 25/40 MP: 3/3
   994 | D:2      | Found a runed translucent door.
   995 | D:2      | Noticed Crazy Yiuf
  1007 | D:2      | Killed Crazy Yiuf
  1008 | D:2      | Reached skill level 5 in Axes
  1475 | D:3      | Found Ylaghon's Weapon Boutique.
  1501 | D:3      | Upgraded the game from 0.31.0-12-g77e489cdc1 to
                  | 0.31.0-32-g396128a36d
  1569 | D:3      | Reached XP level 5. HP: 31/47 MP: 4/4
  2286 | D:4      | Noticed Ijyb
  2302 | D:4      | Killed Ijyb
  2533 | D:4      | Noticed an ogre
  2544 | D:4      | Killed an ogre
  2545 | D:4      | Reached skill level 6 in Axes
  2545 | D:4      | Reached XP level 6. HP: 15/55 MP: 5/5
  2761 | D:4      | Noticed Natasha
  2768 | D:4      | Killed Natasha
  2769 | D:4      | Reached skill level 5 in Fighting
  2864 | D:4      | Noticed Natasha
  2873 | D:4      | Killed Natasha
  2997 | D:4      | Noticed Natasha
  3002 | D:4      | Killed Natasha
  3111 | D:4      | Noticed Blork the orc
  3121 | D:4      | Killed Blork the orc
  3232 | D:5      | Entered Level 5 of the Dungeon
  3241 | D:5      | Noticed Duvessa
  3244 | D:5      | Reached XP level 7. HP: 36/61 MP: 6/6
  3257 | D:5      | Killed Duvessa
  3258 | D:5      | Reached skill level 7 in Axes
  3267 | D:5      | Noticed Dowan
  3376 | D:5      | Killed Dowan
  3434 | D:5      | Reached skill level 5 in Armour
  3525 | D:5      | Reached skill level 8 in Axes
  3525 | D:5      | Reached XP level 8. HP: 70/70 MP: 7/7
  3556 | D:5      | Found a white marble altar of Elyvilon.
  3575 | D:5      | Reached skill level 5 in Dodging
  3932 | D:5      | Reached *** piety under Trog
  3980 | D:5      | Reached skill level 9 in Axes
  4061 | D:5      | Noticed Grum
  4072 | D:5      | Killed Grum
  4345 | D:6      | Reached XP level 9. HP: 48/79 MP: 8/8
  4647 | D:6      | Reached skill level 10 in Axes
  4695 | D:6      | Found a staircase to the Ecumenical Temple.
  4993 | D:6      | Found a shimmering blue altar of Sif Muna.
  5940 | D:7      | Found a runed translucent door.
  5944 | D:7      | Found a basalt altar of Yredelemnul.
  5950 | D:7      | Reached **** piety under Trog
  6021 | D:7      | Noticed Prince Ribbit
  6026 | D:7      | Found a sparkling altar of Nemelex Xobeh.
  6037 | D:7      | Killed Prince Ribbit
  6344 | D:7      | Reached skill level 11 in Axes
  6782 | D:8      | Noticed an elephant
  6794 | D:8      | Reached XP level 10. HP: 86/90 MP: 9/9
  6797 | D:8      | Killed an elephant
  6827 | D:8      | Found a staircase to the Lair.
  6844 | D:8      | Noticed Amaemon
  6856 | D:8      | Noticed an orange demon
  6863 | D:8      | Killed Amaemon
  6864 | D:8      | Reached skill level 12 in Axes
  6869 | D:8      | Killed an orange demon
  6950 | D:8      | Found an iron altar of Okawaru.
  7243 | D:8      | Found a stormy altar of Qazlal.
  7243 | D:8      | Found an ancient bone altar of Kikubaaqudgha.
  7244 | D:8      | Found a shimmering altar of Xom.
  7287 | D:8      | Found a shadowy altar of Dithmenos.
  7897 | Lair:1   | Entered Level 1 of the Lair of Beasts
  7937 | Lair:1   | Found a frozen archway.
  7952 | IceCv    | Entered an ice cave
  7960 | IceCv    | Reached skill level 13 in Axes
  8095 | IceCv    | Noticed an ice statue
  8110 | IceCv    | Killed an ice statue
  8277 | IceCv    | Reached skill level 10 in Fighting
  8395 | IceCv    | Reached skill level 1 in Shields
  8395 | IceCv    | Reached XP level 11. HP: 99/99 MP: 10/10
  8626 | IceCv    | Reached skill level 14 in Axes
  8734 | IceCv    | Noticed a death yak
  8755 | IceCv    | Killed a death yak
  8848 | IceCv    | Noticed a white ugly thing
  8857 | IceCv    | Killed a white ugly thing
  8966 | IceCv    | Noticed a death yak
  8966 | IceCv    | Noticed a death yak
  8966 | IceCv    | Noticed a death yak
  8966 | IceCv    | Noticed an ironbound frostheart
  8966 | IceCv    | Noticed an ironbound frostheart
  8986 | IceCv    | Killed a death yak
  8998 | IceCv    | Killed a death yak
  8999 | IceCv    | Reached skill level 15 in Axes
  9018 | IceCv    | Killed an ironbound frostheart
  9019 | IceCv    | Reached skill level 10 in Dodging
  9019 | IceCv    | Reached skill level 5 in Shields
  9019 | IceCv    | Noticed a death yak
  9027 | IceCv    | Killed a death yak
  9030 | IceCv    | Killed a death yak
  9031 | IceCv    | Reached XP level 12. HP: 37/110 MP: 11/11
  9181 | IceCv    | Killed an ironbound frostheart
  9248 | IceCv    | Identified the +2 robe of Baldness {rElec rPois Str-4}
  9828 | Lair:1   | Noticed a catoblepas
  9834 | Lair:1   | Killed a catoblepas
  9835 | Lair:1   | Reached skill level 16 in Axes
 10382 | Lair:2   | Reached ***** piety under Trog
 10543 | Lair:2   | Identified the ring "Ojasaero" {Fly rPois rF- rCorr Dex+3}
 10636 | Lair:2   | Noticed a boulder beetle
 10646 | Lair:2   | Killed a boulder beetle
 10801 | Lair:2   | Found a staircase to the Shoals.
 11062 | Lair:2   | Reached skill level 17 in Axes
 11147 | Lair:2   | Noticed a four-headed hydra
 11149 | Lair:2   | Noticed a death yak
 11160 | Lair:2   | Killed a four-headed hydra
 11167 | Lair:2   | Killed a death yak
 11171 | Lair:2   | Reached XP level 13. HP: 77/119 MP: 12/12
 11237 | Lair:2   | Identified the +5 scale mail of the Dungeon {rCorr Dex+3}
 11259 | Lair:2   | Identified a scroll of acquirement
 11259 | Lair:2   | Acquired a manual of Armour
 12054 | Lair:3   | Found a staircase to the Snake Pit.
 12719 | Lair:4   | Reached skill level 18 in Axes
 12875 | Lair:4   | Found a dark tunnel.
 12893 | Volcano  | Entered a volcano
 13144 | Volcano  | Noticed a red draconian
 13153 | Volcano  | Killed a red draconian
 13448 | Lair:4   | Reached skill level 1 in Maces & Flails
 13662 | Lair:4   | Found a viscous altar of Jiyva.
 13662 | Lair:4   | Found a staircase to the Slime Pits.
 14266 | Lair:5   | Entered Level 5 of the Lair of Beasts
 14282 | Lair:5   | Reached XP level 14. HP: 88/130 MP: 13/13
 14292 | Lair:5   | HP: 3/130 [seven-headed hydra (11)]
 14292 | Lair:5   | HP: 1/130 [seven-headed hydra (2)]
 14293 | Lair:5   | Slain by a six-headed hydra

Illustrated notes

Levels and vault maps discovered:
D:1:      sevenhm_arrival_forest_fort_small_3, layout_basic,
          hellmonk_ecumenical_altar_heavens_door
D:2:      layout_rooms, uniq_robin, uniq_crazy_yiuf_cottage
D:3:      layout_basic, serial_shops, shop, kennysheep_another_room,
          kennysheep_donut
D:4:      layout_basic, uniq_ijyb, uniq_blork_the_orc, uniq_natasha
D:5:      layout_cave_pools, mainiacjoe_overflow_alcove_2, serial_gnoll_camp,
          grums_kennel, gnoll_camp_mini_loothouse, gnoll_camp_medium_02,
          gnoll_camp_mini_basic, uniq_duvessa
D:6:      layout_layer_cave, kennysheep_little_box, minmay_temple_entry_wispy,
          minmay_misc_feat_roman
D:7:      layout_loops_ring, mainiacjoe_overflow_boulevard,
          dk_yredelemnul_ordeal, uniq_prince_ribbit1
D:8:      layout_loops_cross, nicolae_overflow_hidden_temple,
          nicolae_overflow_quartered_altars, david_lair_generic, uniq_amaemon
Lair:1:   layout_cave_pods, portal_ice_cave_rime, grunt_megastairs_4
Lair:2:   nzn_winding_woodlands_stair_cross [nzn_winding_woodlands_5x15_default,
          nzn_winding_woodlands_center_diamonds,
          nzn_winding_woodlands_5x15_default, nzn_winding_woodlands_5x5_default,
          nzn_winding_woodlands_5x5_open_star, nzn_winding_woodlands_5x15_eye,
          nzn_winding_woodlands_center_triple_pond,
          nzn_winding_woodlands_5x15_cabin], layout_loops_ring,
          nicolae_shoals_entry_roost, serial_bayou_shore_b
Lair:3:   layout_small_grid, dummy_snake_entry, lemuel_fruit_tree
Lair:4:   layout_hall_layers, slime_entry_1, nicolae_volcano_entry_batcave,
          grunt_megastairs_1, serial_bayou_shore_b
Lair:5:   minmay_lair_end_frog_pond, layout_misc_corridors, grunt_megastairs_2

Skill      XL: |  1  2  3  4  5  6  7  8  9 10 11 12 13 |
---------------+----------------------------------------+-----
Axes           | 4 5 6 8 9 11 13 15 17 18 | 18.6
Fighting       | 4 5 6 7 8 10 11 12 13 | 13.9
Armour         | 3 4 5 6 8 |  8.0
Dodging        | 3 4 6 7 8 10 11 12 | 12.5
Shields        | 1 5 7 9 |  9.8
Maces & Flails | 2 |  2.8

Action                     |  1- 3 |  4- 6 |  7- 9 | 10-12 | 13-15 || total
---------------------------+-------+-------+-------+-------+-------++-------
  Melee: Hand axe          |    86 |   103 |       |       |       ||   189
         Headbutt          |     9 |    25 |    48 |   119 |    63 ||   264
         Punch             |       |     1 |       |       |       ||     1
         Battleaxe         |       |    17 |   239 |   203 |   179 ||   638
         War axe           |       |       |       |   225 |       ||   225
         Demon whip        |       |       |       |     6 |    12 ||    18
         Great mace        |       |       |       |       |    25 ||    25
  Throw: Dart              |       |       |       |     6 |       ||     6
 Invoke: Berserk           |     1 |     2 |     1 |     1 |       ||     5
         Trog's Hand       |     1 |       |     2 |    10 |     6 ||    19
         Brothers in Arms  |       |       |       |       |     3 ||     3
  Evoke: Wand              |       |       |       |     1 |       ||     1
    Use: Scroll            |       |       |    15 |     6 |     6 ||    27
         Potion            |       |       |       |       |     1 ||     1
 Armour: Animal skin       |     9 |       |       |       |       ||     9
         Plate armour      |    84 |    91 |    25 |       |       ||   200
         Chain mail        |       |       |   197 |   325 |       ||   522
         Scale mail        |       |       |       |       |   190 ||   190
  Dodge: Dodged            |    32 |    35 |   184 |   311 |   292 ||   854
  Block: Kite shield       |       |       |       |    70 |       ||    70
